 Dungeon Crawl Stone Soup version 0.23-a0-470-g6f7cfd9 (webtiles) character file.

28979 Amnesiac the Markself (level 13, -7/76 HPs)
             Began as a Deep Elf Fighter on Nov 26, 2018.
             Was a High Priest of Okawaru.
             Mangled by an orc warlord
             ... wielding a +1 battleaxe of electrocution
              (31 damage)
             ... on level 11 of the Dungeon.
             The game lasted 00:46:25 (22427 turns).

Amnesiac the Markself (Deep Elf Fighter)           Turns: 22427, Time: 00:46:25

Health: -7/76      AC: 18    Str: 13    XL:     13   Next: 12%
Magic:  16/21      EV: 18    Int: 15    God:    Okawaru [*****.]
Gold:   1269       SH: 13    Dex: 25    Spells: 10/12 levels left

rFire    + + .     SeeInvis .   F - +3 sling "Punk" {acid, rCorr}
rCold    + . .     Gourm    .   N - +2 shield {reflect}
rNeg     + + +     Faith    +   I - +2 scale mail {rC+}
rPois    .         Spirit   .   x - +2 hat
rElec    .         Reflect  +   A - scarf {repulsion}
rCorr    +         Harm     .   P - +1 pair of gloves {Dex+3}
MR       +....                  j - +1 pair of boots "Jaitwuti" {rF++ rN+++ Str-4}
Stlth    ++........             n - amulet of faith
HPRegen  0.22/turn              w - +3 ring of dexterity
MPRegen  0.17/turn              y - +5 ring of dexterity

@: heroism, finesse, repel missiles
A: no striking features
a: Heroism, Finesse, Renounce Religion


You were on level 11 of the Dungeon.
You worshipped Okawaru.
Okawaru was extremely pleased with you.
You were not hungry.

You visited 3 branches of the dungeon, and saw 15 of its levels.
You also visited: Bailey.

You collected 1269 gold pieces.

Inventory:

Hand Weapons
 a - a +3 whip of electrocution
 b - the +9 staff of Olgreb {rPois}
   (You found it on level 6 of the Dungeon)

   It protects you from poison.
 c - a +0 shortbow
 F - the +3 sling "Punk" (weapon) {acid, rCorr}
   (Okawaru gifted it to you on level 13 of the Dungeon)

   It provides partial protection from all sources of acid and corrosion.
 G - the +6 dagger "String" {pierce, +Inv rPois rC- Stlth+}
   (You found it on level 10 of the Dungeon)

   It inflicts extra damage upon your enemies.
   It makes you vulnerable to cold.
   It protects you from poison.
   It lets you turn invisible.
   It makes you more stealthy.
 O - a +4 scimitar of flaming
Missiles
 i - 386 arrows
 Q - 99 sling bullets (quivered)
 R - 424 stones
Armour
 j - the +1 pair of boots "Jaitwuti" (worn) {rF++ rN+++ Str-4}
   (Okawaru gifted it to you on level 9 of the Dungeon)

   It affects your strength (-4).
   It greatly protects you from fire.
   It renders you almost immune to negative energy.
 l - a +0 cloak of poison resistance
 x - a +2 hat (worn)
 A - a scarf of repulsion (worn)
 E - a +0 plate armour of fire resistance
 I - a +2 scale mail of cold resistance (worn)
 N - a +2 shield of reflection (worn)
 P - a +1 pair of gloves of dexterity (worn)
Jewellery
 h - an uncursed amulet of rage
 n - an amulet of faith (around neck)
 s - an uncursed amulet of guardian spirit
 w - a +3 ring of dexterity (left hand)
 y - a +5 ring of dexterity (right hand)
 D - an uncursed ring of poison resistance
Wands
 K - a wand of flame (28)
 S - a wand of polymorph (8)
Scrolls
 m - a scroll of summoning {!r}
 o - 5 scrolls of remove curse {!r}
 u - 8 scrolls of teleportation {!r}
 z - 3 scrolls of enchant armour {!r}
 B - 2 scrolls of enchant weapon {!r}
 H - 3 scrolls of fog {!r}
 J - a scroll of amnesia {!r}
 L - 2 scrolls of magic mapping {!r}
 M - a scroll of identify {!r}
Potions
 d - 3 potions of might {!q}
 e - a potion of haste {!q}
 g - a potion of ambrosia {!q, unknown}
 k - 4 potions of curing {!q}
 p - 2 potions of agility {!q}
 q - 3 potions of mutation {!q}
 r - 2 potions of resistance {!q}
 t - 2 potions of magic {!q}
 v - 4 potions of flight {!q}
 C - a potion of heal wounds {!q}
Comestibles
 f - 19 rations


   Skills:
 - Level 7.3(12.3) Fighting
 - Level 2.0(7.0) Long Blades
 * Level 16.5(21.5) Bows
 - Level 7.3(12.3) Armour
 - Level 7.3(12.3) Dodging
 - Level 2.4(7.4) Shields
 - Level 8.0 Invocations
 - Level 5.0 Evocations


You had 10 spell levels left.
You knew the following spells:

 Your Spells              Type           Power        Failure   Level  Hunger
b - Passwall              Tmut/Erth      #.......     98%         2    ###....

Your spell library contained the following spells:

 Spells                   Type           Power        Failure   Level  Hunger
 Sandblast                Erth           #.....       93%         1    ##.....
 Sting                    Conj/Pois      #...         93%         1    ##.....
 Poisonous Vapours        Pois/Air       #.....       98%         2    ###....
 Mephitic Cloud           Conj/Pois/Air  #.......     100%        3    ####...
 Stone Arrow              Conj/Erth      #.....       100%        3    ####...
 Olgreb's Toxic Radiance  Pois           #.......     100%        4    #####..
 Petrify                  Tmut/Erth      #.......     100%        4    #####..
 Lee's Rapid Deconstruct  Erth           #.........   100%        5    ######.
 Venom Bolt               Conj/Pois      #.........   100%        5    ######.


Dungeon Overview and Level Annotations

Branches:
Dungeon (13/15)            Temple (1/1) D:5            Lair (0/6) D:9
    Orc (1/2) D:11
 Vaults: D:13-14

Altars:
Ashenzari
Cheibriados
Dithmenos
Elyvilon
Fedhas
Gozag
Hepliaklqana
Kikubaaqudgha
Makhleb
Nemelex Xobeh
Okawaru
Qazlal
Ru
Sif Muna
Trog
Uskayaw
Vehumet
Wu Jian
Xom
Yredelemnul
Zin
The Shining One
Beogh

Shops:
D:5 [   Orc:1 :

Annotations:
D:6 1 runed door


Message History

Aim: an orc warlord, wielding a +1 battleaxe of electrocution and wearing a +0 You shoot a sling bullet.
The sling bullet closely misses the orc warlord.
The orc warlord hits you with a +1 battleaxe of electrocution!
Firing (i - inventory. (/) - cycle)
Q - 108 sling bullets (quivered)
Press: ? - help, Shift-Dir - straight line, f/p - orc warlord
Aim: an orc warlord, wielding a +1 battleaxe of electrocution and wearing a +0 You shoot a sling bullet.
The sling bullet hits the orc warlord!
The orc warlord is splashed with acid.
The orc warlord is lightly wounded.
Firing (i - inventory. (/) - cycle)
Q - 107 sling bullets (quivered)
Press: ? - help, Shift-Dir - straight line, f/p - orc warlord
Aim: an orc warlord, wielding a +1 battleaxe of electrocution and wearing a +0 You shoot a sling bullet.
The sling bullet hits the orc warlord!
The orc warlord is splashed with acid.
The acid corrodes the orc warlord!
The orc warlord is moderately wounded.
Firing (i - inventory. (/) - cycle)
Q - 106 sling bullets (quivered)
Press: ? - help, Shift-Dir - straight line, f/p - orc warlord
Aim: an orc warlord, wielding a +1 battleaxe of electrocution and wearing a +0 You shoot a sling bullet.
The sling bullet hits the orc warlord!
The orc warlord is splashed with acid.
The acid corrodes the orc warlord!
The orc warlord is moderately wounded.
The orc warlord hits you with a +1 battleaxe of electrocution.
Firing (i - inventory. (/) - cycle)
Q - 105 sling bullets (quivered)
Press: ? - help, Shift-Dir - straight line, f/p - orc warlord
Aim: an orc warlord, wielding a +1 battleaxe of electrocution and wearing a +0 You shoot a sling bullet.
The sling bullet hits the orc warlord.
The orc warlord is splashed with acid.
The orc warlord is heavily wounded.
Firing (i - inventory. (/) - cycle)
Q - 104 sling bullets (quivered)
Press: ? - help, Shift-Dir - straight line, f/p - orc warlord
Aim: an orc warlord, wielding a +1 battleaxe of electrocution and wearing a +0 You shoot a sling bullet.
The sling bullet hits the orc warlord!
The orc warlord is splashed with acid.
The orc warlord is heavily wounded.
The orc warlord hits you with a +1 battleaxe of electrocution!
You are electrocuted!
Firing (i - inventory. (/) - cycle)
Q - 103 sling bullets (quivered)
Press: ? - help, Shift-Dir - straight line, f/p - orc warlord
Aim: an orc warlord, wielding a +1 battleaxe of electrocution and wearing a +0 You shoot a sling bullet.
The sling bullet hits the orc warlord!
The orc warlord is splashed with acid.
The acid corrodes the orc warlord!
The orc warlord is severely wounded.
Firing (i - inventory. (/) - cycle)
Q - 102 sling bullets (quivered)
Press: ? - help, Shift-Dir - straight line, f/p - orc warlord
Aim: an orc warlord, wielding a +1 battleaxe of electrocution and wearing a +0 You shoot a sling bullet.
The sling bullet hits the orc warlord.
The orc warlord is splashed with acid.
The acid corrodes the orc warlord!
The orc warlord is severely wounded.
The orc warlord hits you with a +1 battleaxe of electrocution!
* * * LOW HITPOINT WARNING * * *
Firing (i - inventory. (/) - cycle)
Q - 101 sling bullets (quivered)
Press: ? - help, Shift-Dir - straight line, f/p - orc warlord
Aim: an orc warlord, wielding a +1 battleaxe of electrocution and wearing a +0 You shoot a sling bullet.
The sling bullet hits the orc warlord.
The orc warlord is splashed with acid.
The acid corrodes the orc warlord!
The orc warlord is almost dead.
Firing (i - inventory. (/) - cycle)
Q - 100 sling bullets (quivered)
Press: ? - help, Shift-Dir - straight line, f/p - orc warlord
Aim: an orc warlord, wielding a +1 battleaxe of electrocution and wearing a +0 You shoot a sling bullet.
The sling bullet barely misses the orc warlord.
The orc warlord hits you with a +1 battleaxe of electrocution!!
You die...

#........'.............
#........#######.......
#..........# #.......
##.........# #.#'####
#.........# #.#....#
##.........# #.#....#
#..........# #.#....#
#..........## #.#....#
#.....@.....# #.#....#
#......o....####.#....#
#...........).##.#....#
#..........[.[).......#
#.............##.##...#
#...........'#<#..'...)
#...........(#.####..)#
#.####.####.'#.# #.[.#
#.# #.#.(.....####...#


You could see an orc warlord.

Vanquished Creatures
  An orc warlord (Orc:1)
  Erolcha (D:10)
  The ghost of George the Carver, a journeyman MiFi of Okawaru (D:9)
  Erica (D:11)
  Harold (D:10)
  A centaur warrior (D:13)
  3 two-headed ogres
  2 unseen horrors (D:12)
  3 orc knights
  2 orc sorcerers (Orc:1)
  3 ugly things
  2 cyclopes
  Psyche (D:9)
  Maurice (D:8)
  3 kobold demonologists
  The ghost of Ijustatesigmund the Magician, a novice GnWz (D:5)
  A queen bee (D:8)
  A hornet (D:12)
  A troll (D:11)
  Grinder (D:5)
  6 slime creatures (D:12)
  A hippogriff (D:3)
  3 wyverns
  A wraith (D:12)
  A vampire (D:10)
  9 yaks
  A basilisk (D:9)
  A hungry ghost (D:12)
  A warg (D:11)
  A soldier ant (D:6)
  6 water moccasins
  5 ice beasts
  A hornet zombie (D:10)
  A black bear (D:8)
  An eye of draining (D:9)
  A necrophage (D:7)
  2 sky beasts
  27 orc warriors
  A phantom (D:12)
  5 ogres
  2 wolves (D:9)
  5 centaurs
  5 big kobolds
  4 bullfrogs
  A gnoll sergeant (D:6)
  3 scorpions
  2 wyvern skeletons
  24 killer bees
  2 electric eels (D:9)
  11 howler monkeys
  2 crimson imps
  4 bullfrog zombies
  3 gnoll shamans (D:6)
  4 jellies
  11 orc priests
  11 hounds
  19 orc wizards
  4 centaur skeletons
  2 bullfrog skeletons
  2 iguanas (D:9)
  11 worker ants
  2 worker ant zombies
  31 gnolls
  17 adders
  3 shadow imps
  2 oozes
  An adder skeleton (D:9)
  A worm (D:2)
  2 dart slugs
  6 leopard geckos
  61 orcs
  6 giant cockroaches
  16 goblins
  6 hobgoblins
  46 jackals
  29 kobolds
  6 quokkas
  2 ball pythons (D:1)
  3 bats
  5 frilled lizards
  A leopard gecko skeleton (D:4)
  9 rats
493 creatures vanquished.

Vanquished Creatures (collateral kills)
  A troll (D:9)
1 creature vanquished.

Vanquished Creatures (others)
  A shadow (D:13)
  An orc warrior (Orc:1)
  An adder (D:9)
3 creatures vanquished.

Grand Total: 497 creatures vanquished

Notes
Turn   | Place    | Note
-------+----------+-------------------------------------------
     0 | D:1      | Amnesiac the Deep Elf Fighter began the quest for the Orb.
     0 | D:1      | Reached XP level 1. HP: 13/13 MP: 3/3
    73 | D:1      | Reached skill level 1 in Dodging
   101 | D:1      | Reached XP level 2. HP: 14/18 MP: 4/4
   234 | D:1      | Reached XP level 3. HP: 10/22 MP: 5/5
   586 | D:2      | Found a stormy altar of Qazlal.
   587 | D:2      | Found a burning altar of Makhleb.
   781 | D:3      | Reached XP level 4. HP: 27/27 MP: 6/6
  1079 | D:4      | Found a glowing golden altar of the Shining One.
  1100 | D:5      | Entered Level 5 of the Dungeon
  1102 | D:5      | Found a large runed door.
  1103 | D:5      | Found a large runed door.
  1406 | D:5      | Reached XP level 5. HP: 16/32 MP: 7/7
  1966 | D:5      | Noticed Grinder
  2219 | D:4      | Noticed an ogre
  2224 | D:4      | Killed an ogre
  2224 | D:4      | Reached XP level 6. HP: 38/38 MP: 8/8
  2364 | D:5      | Killed Grinder
  2364 | D:5      | Reached XP level 7. HP: 17/44 MP: 9/9
  2836 | D:4      | Found a hide-covered altar of Uskayaw.
  3087 | D:5      | Noticed Ijustatesigmund's ghost (novice GnWz)
  3197 | D:5      | Killed Ijustatesigmund's ghost
  3197 | D:5      | Reached skill level 5 in Fighting
  3197 | D:5      | Reached skill level 5 in Armour
  3197 | D:5      | Reached skill level 5 in Dodging
  3535 | D:5      | Found Fit Lonk's Antique Armour Emporium.
  3668 | D:6      | Found a runed gate.
  3668 | D:6      | Found a runed gate.
  3670 | D:6      | Found a runed gate.
  3866 | D:5      | Found a staircase to the Ecumenical Temple.
  3875 | Temple   | Entered the Ecumenical Temple
  4011 | Temple   | Became a worshipper of Warmaster Okawaru
  4960 | D:1      | Found a stormy altar of Qazlal.
  5145 | D:2      | Reached XP level 8. HP: 49/49 MP: 10/10
  5608 | D:3      | Noticed a hippogriff
  5632 | D:3      | Killed a hippogriff
  5643 | D:3      | Reached * piety under Okawaru
  6047 | D:6      | Found the +9 staff of Olgreb {rPois}
  6085 | D:6      | Found a runed door.
  6200 | D:6      | Found a runed door.
  7182 | D:6      | Reached ** piety under Okawaru
  7282 | D:6      | Reached XP level 9. HP: 48/56 MP: 11/11
  7904 | D:7      | Found an iron altar of Okawaru.
  7904 | D:7      | Found a hazy altar of Hepliaklqana.
  7905 | D:7      | Found a deep blue altar of Sif Muna.
  8851 | D:8      | Reached skill level 1 in Bows
  8969 | D:8      | Reached *** piety under Okawaru
  8969 | D:8      | Reached skill level 2 in Bows
  8990 | D:8      | Reached skill level 3 in Bows
  9016 | D:8      | Reached skill level 4 in Bows
  9028 | D:8      | Noticed Maurice
  9191 | D:6      | Reached skill level 5 in Bows
  9499 | D:5      | Reached skill level 6 in Bows
  9518 | D:6      | Reached XP level 10. HP: 55/61 MP: 12/12
  9537 | D:6      | HP: 3/63 [soldier ant (10)]
  9916 | D:6      | Reached **** piety under Okawaru
 10205 | D:8      | Killed Maurice
 10205 | D:8      | Reached skill level 7 in Bows
 10352 | D:8      | Reached skill level 1 in Evocations
 10371 | D:8      | Reached skill level 1 in Invocations
 10380 | D:8      | Reached skill level 8 in Bows
 10817 | D:8      | Reached ***** piety under Okawaru
 11061 | D:9      | Reached skill level 9 in Bows
 11063 | D:9      | Received a gift from Okawaru
 11162 | D:9      | Found a flagged portal.
 11279 | Bailey   | Entered a bailey
 11550 | Bailey   | HP: 2/63 [orc warrior/bolt (23)]
 11720 | Bailey   | Noticed an orc knight
 11804 | Bailey   | Killed an orc knight
 11804 | Bailey   | Received a gift from Okawaru
 11804 | Bailey   | Reached XP level 11. HP: 47/67 MP: 1/16
 12103 | D:9      | Reached skill level 10 in Bows
 12119 | D:9      | Found a staircase to the Lair.
 12203 | D:9      | Received a gift from Okawaru
 12204 | D:9      | Got a pair of crude boots {god gift}
 12219 | D:9      | Identified the +1 pair of boots "Jaitwuti" {rF++ rN+++
                  | Str-4} (Okawaru gifted it to you on level 9 of the Dungeon)
 12397 | D:9      | Noticed Psyche
 12447 | D:9      | Killed Psyche
 12777 | D:9      | Found a runed door.
 12777 | D:9      | Noticed George's ghost (journeyman MiFi)
 12982 | D:9      | Killed George's ghost
 13031 | D:10     | Entered Level 10 of the Dungeon
 13038 | D:10     | Noticed a two-headed ogre
 13059 | D:9      | Reached skill level 5 in Invocations
 13059 | D:9      | Reached skill level 5 in Evocations
 13139 | D:10     | Noticed Harold
 13190 | D:10     | Killed Harold
 13405 | D:10     | Noticed Erolcha
 13410 | D:10     | Killed Erolcha
 13410 | D:10     | Reached skill level 11 in Bows
 13571 | D:10     | Learned a level 2 spell: Passwall
 13606 | D:10     | Killed a two-headed ogre
 13622 | D:10     | Got a translucent dagger
 13625 | D:10     | Noticed a two-headed ogre
 13631 | D:10     | Killed a two-headed ogre
 14726 | D:11     | Reached skill level 12 in Bows
 15002 | D:11     | Noticed a purple ugly thing
 15016 | D:11     | Killed a purple ugly thing
 15158 | D:11     | Found a staircase to the Orcish Mines.
 15299 | D:11     | Identified the +6 dagger "String" {pierce, +Inv rPois rC-
                  | Stlth+} (You found it on level 10 of the Dungeon)
 15374 | D:11     | Received a gift from Okawaru
 15805 | D:11     | Noticed Erica
 15816 | D:11     | Killed Erica
 15816 | D:11     | Reached XP level 12. HP: 59/72 MP: 3/19
 15932 | D:11     | Reached ****** piety under Okawaru
 15966 | D:11     | Reached skill level 13 in Bows
 16496 | D:12     | Noticed a five-headed hydra
 17818 | D:12     | Reached skill level 14 in Bows
 18861 | D:13     | Noticed a two-headed ogre
 18871 | D:13     | Reached skill level 15 in Bows
 18877 | D:13     | Killed a two-headed ogre
 18877 | D:13     | Received a gift from Okawaru
 18906 | D:13     | Noticed a centaur warrior
 18917 | D:13     | Killed a centaur warrior
 19025 | D:12     | Received a gift from Okawaru
 19191 | D:13     | Received a gift from Okawaru
 19192 | D:13     | Found the +3 sling "Punk" {acid, rCorr}
 20846 | Orc:1    | Entered Level 1 of the Orcish Mines
 20846 | Orc:1    | Found Ataheot's Book Shop.
 21107 | Orc:1    | Reached skill level 16 in Bows
 21325 | Orc:1    | Found a roughly hewn altar of Beogh.
 21333 | Orc:1    | Noticed an orc warlord
 21774 | Orc:1    | Reached XP level 13. HP: 36/76 MP: 14/21
 22102 | Orc:1    | Killed an orc warlord
 22162 | Orc:1    | Noticed an orc warlord
 22427 | D:11     | Mangled by an orc warlord

Vault maps used:
D:1:      sevenhm_arrival_forest_fort_small_6
D:2:      amethyst_overflow_temple_binary, first_ration
D:3:      kennysheep_generic_room_16
D:4:      tso_metal_star, kennysheep_little_box
D:5:      minmay_temple_entry_poolview, serial_shops,
          nicolae_shop_overgrown_old_shop, ebering_ghost_disaster_area,
          uniq_grinder
D:6:      lemuel_castle_with_subvaults, minmay_guarded_unrand_staff_of_olgreb
D:7:      grunt_temple_overflow_open, kennysheep_okawaru_gauntlet
D:8:      david_nohive_1, uniq_maurice
D:9:      erik_lair_island, gammafunk_ghost_grave, enter_bailey_3, uniq_psyche
D:10:     uniq_harold, uniq_erolcha
D:11:     david_orc_3, uniq_erica
D:12:     minmay_misc_feat_encased
D:13:     grunt_vaults_entry_tiered, spider_trap
Temple:   nicolae_temple_elliptical
Orc:1:    orc_temple, serial_shops, shop, lemuel_statue_altar
Bailey:   bailey_polearm_2, bailey

Skill      XL: |  1  2  3  4  5  6  7  8  9 10 11 12 |
---------------+-------------------------------------+-----
Long Blades    | 2 |  2.0
Dodging        | 1 2 3 4 5 6 7 |  7.3
Fighting       | 3 4 5 6 7 |  7.3
Armour         | 3 4 5 6 7 |  7.3
Bows           | 6 9 12 16 | 16.5
Evocations     | 4 5 |  5.0
Invocations    | 4 7 8 |  8.0
Shields        | |  2.4

Action                   |  1- 3 |  4- 6 |  7- 9 | 10-12 | 13-15 || total
-------------------------+-------+-------+-------+-------+-------++-------
Melee: Long sword        |    96 |    86 |       |       |       ||   182
       Whip              |       |    45 |   700 |   305 |       ||  1050
       Short sword       |       |       |    12 |       |       ||    12
       Staff             |       |       |       |   455 |       ||   455
 Fire: Fustibalus        |       |       |       |   109 |    53 ||   162
Throw: Tomahawk          |       |       |     5 |       |       ||     5
Invok: Heroism           |       |       |       |     2 |     2 ||     4
       Finesse           |       |       |       |     2 |     2 ||     4
 Abil: Evoke Berserk Rag |     3 |     1 |     3 |     2 |       ||     9
Evoke: Staff of Olgreb   |       |       |       |   169 |       ||   169
       Wand              |       |       |       |     2 |       ||     2
       Phantom mirror    |       |       |       |     1 |       ||     1
  Use: Scroll            |       |     4 |    13 |     5 |       ||    22
       Potion            |       |     1 |       |     8 |       ||     9
 Stab: Invisible         |       |       |       |     1 |       ||     1
  Eat: Chunk             |     2 |    17 |    24 |    32 |     3 ||    78
       Ration            |       |       |       |     5 |       ||     5
Armor: Chain mail        |    69 |    97 |   324 |    94 |       ||   584
       Skin              |       |     9 |       |    12 |       ||    21
       Scale mail        |       |       |       |   243 |     1 ||   244
Dodge: Dodged            |    32 |    10 |   281 |   362 |     2 ||   687
       Deflected         |       |       |       |    12 |       ||    12
Block: Shield            |    52 |    74 |   253 |   457 |     2 ||   838
       Buckler           |       |       |    81 |     3 |       ||    84
       Reflection        |       |       |       |    11 |       ||    11
       Rpst.: Long sword |    15 |     3 |       |       |       ||    18

Table legend:
 A = Non-vault XP
 B = Vault XP
 C = Vault XP percentage of total XP
 D = Non-vault monster count
 E = Vault monster count
 F = Vault count percentage of total count
                 A         B        C        D         E       F
            +---------+---------+-------+---------+---------+-------
      Total |   27328 |   14071 |  34.0 |     352 |     145 |  29.2
            +---------+---------+-------+---------+---------+-------
        D:1 |      34 |       0 |   0.0 |      18 |       0 |   0.0
        D:2 |     120 |       0 |   0.0 |      42 |       0 |   0.0
        D:3 |     483 |       1 |   0.2 |      28 |       1 |   3.4
        D:4 |     284 |       0 |   0.0 |      15 |       0 |   0.0
        D:5 |     443 |     865 |  66.1 |      17 |       4 |  19.0
        D:6 |     537 |    1631 |  75.2 |      18 |      65 |  78.3
        D:7 |     506 |      78 |  13.4 |      12 |       4 |  25.0
        D:8 |    1760 |    1467 |  45.5 |      31 |      14 |  31.1
        D:9 |    1658 |    2162 |  56.6 |      29 |      13 |  31.0
       D:10 |    2724 |    1987 |  42.2 |      22 |       2 |   8.3
       D:11 |    3574 |    1298 |  26.6 |      29 |       7 |  19.4
       D:12 |    7814 |       0 |   0.0 |      49 |       0 |   0.0
       D:13 |    3956 |       0 |   0.0 |      16 |       0 |   0.0
      Orc:1 |    3435 |    2933 |  46.1 |      26 |       9 |  25.7
     Bailey |       0 |    1649 | 100.0 |       0 |      26 | 100.0
            +---------+---------+-------+---------+---------+-------
